 Dungeon Crawl Stone Soup version 0.30-a0-939-gc8157cb160 (webtiles) character file.

Game seed: 16688906321458650882

12380 2tousent the Reanimator (level 11, -3/59 HPs)
             Began as a Deep Elf Necromancer on Mar 25, 2023.
             Was a High Priest of Hepliaklqana.
             Slain by a reaper
             ... wielding a +4 vampiric scythe
              (10 damage)
             ... in a Gauntlet.
             The game lasted 00:31:19 (11668 turns).

2tousent the Reanimator (Deep Elf Necromancer)     Turns: 11668, Time: 00:31:20

Health: -3/59      AC:  8    Str:  5    XL:     11   Next: 61%
Magic:  0/28       EV: 17    Int: 25    God:    Hepliaklqana [*****.]
Gold:   565        SH:  0    Dex: 15    Spells: 18/32 levels left

rFire   . . .      SeeInvis .    w - +1 dagger (venom)
rCold   . . .      Faith    .    (no shield)
rNeg    . . .      Spirit   +    a - +0 robe
rPois   +          Reflect  .    (no helmet)
rElec   .          Rampage  .    C - +0 cloak
rCorr   .          NoTele   +    H - +0 pair of gloves
Will    +....                    (no boots)
Stlth   ++                       l - amulet of guardian spirit
HPRegen 0.29/turn                h - ring of poison resistance
MPRegen 0.21/turn                g - +4 ring of protection

@: brilliant, very slightly contaminated, hasted, very quick
A: reduced essence
a: Renounce Religion, Recall Ancestor, Ancestor Identity, Transference, Idealise


You were in a Gauntlet.
You worshipped Hepliaklqana.
Hepliaklqana was extremely pleased with you.
You visited 1 branch of the dungeon, and saw 11 of its levels.
You also visited: Bailey and Gauntlet.

You collected 565 gold pieces.

Inventory:

Hand Weapons
 w - a +1 dagger of venom (weapon)
Missiles
 K - a throwing net
Armour
 a - a +0 robe (worn)
 q - a +1 hat of see invisible
 r - a +1 helmet
 C - a +0 cloak (worn)
 H - a +0 pair of gloves (worn)
Jewellery
 c - an amulet of reflection
 g - a +4 ring of protection (right hand)
 h - a ring of poison resistance (left hand)
 i - a ring of resist corrosion
 l - an amulet of guardian spirit (around neck)
 n - a ring of fire
 x - a ring of fire
Wands
 m - a wand of flame (16)
 t - a wand of mindburst (17)
 v - a wand of paralysis (1)
 y - a wand of iceblast (5)
Scrolls
 d - a scroll of teleportation
 e - 2 scrolls of immolation
 f - 2 scrolls of fear
 j - 2 scrolls of enchant weapon
 k - 7 scrolls of enchant armour
 o - 2 scrolls of identify
 p - a scroll of magic mapping
 D - a scroll of noise
 E - a scroll of amnesia
 F - a scroll of blinking
 I - a scroll of fog
Potions
 b - 5 potions of magic
 s - 2 potions of cancellation
 u - a potion of haste
 z - a potion of brilliance
 A - a potion of might
 B - a potion of attraction
 G - 4 potions of curing
 J - 2 potions of heal wounds


   Skills:
 + Level 6.9 Fighting
 + Level 10.1 Dodging
 - Level 2.6 Stealth
 + Level 11.4 Spellcasting
 + Level 1.7 Hexes
 * Level 14.6 Necromancy
 + Level 1.3 Ice Magic


You had 18 spell levels left.
You knew the following spells:

 Your Spells              Type           Power      Damage    Failure   Level
a - Necrotise             Necr           100%       1d9       0%          1
b - Animate Dead          Necr           92%        N/A       1%          4
c - Simulacrum            Ice/Necr       34%        N/A       24%         6
d - Dazzling Flash        Conj/Hex       56%        N/A       9%          3

Your spell library contained the following spells:

 Spells                   Type           Power      Damage    Failure   Level
 Slow                     Hex            100%       N/A       1%          1
 Vampiric Draining        Necr           92%        2d12      1%          3
 Agony                    Necr           92%        N/A       1%          5
 Static Discharge         Conj/Air       42%        2-4/arc   6%          2
 Confusing Touch          Hex            34%        N/A       6%          3
 Tukima's Dance           Hex            34%        N/A       6%          3
 Hailstorm                Conj/Ice       26%        3d7       10%         3
 Vhi's Electric Charge    Tloc/Air       42%        N/A       13%         3
 Ice Form                 Ice/Tmut       26%        N/A       32%         4
 Animate Armour           Summ/Erth      42%        N/A       38%         4
 Passage of Golubria      Tloc           21%        N/A       38%         4
 Silence                  Hex/Air        14%        N/A       63%         5
 Yara's Violent Unravell  Hex/Tmut       14%        3d7       63%         5
 Arcjolt                  Conj/Air       10%        1d20      75%         5
 Blade Hands              Tmut           10%        N/A       75%         5
 Plasma Beam              Fire/Air       10%        2x1d23    75%         5
 Iron Shot                Conj/Erth      10%        9d3       100%        6
 Chain Lightning          Conj/Air       10%        3d14      100%        9
 Fire Storm               Conj/Fire      10%        8d3       100%        9
 Shatter                  Erth           10%        3d12*     100%        9


Dungeon Overview and Level Annotations

Branches:
Dungeon (11/15)            Temple (0/1) D:5            Lair (0/5) D:8
 Bailey (visited)         Gauntlet (1/1)
    Orc: D:9-12

Altars:
Ashenzari
Dithmenos
Elyvilon
Gozag
Hepliaklqana
Kikubaaqudgha
Nemelex Xobeh
Okawaru
Qazlal
Ru
Sif Muna
Uskayaw
Yredelemnul

Shops:
D:5 *   D:6 (

Annotations:
D:3 3 runed translucent doors, hackum's ghost, amateur MfHu
D:8 2 transporters, zurenarrh's ghost, novice GnWn
D:10 1 runed translucent door Gauntlet 11 transporters, exclusion: orange crystal statue


Message History

Confirm with . or Enter, or press ? or * to list all spells.
You don't know that spell.
Casting: Simulacrum (extremely dangerous; 24% risk of failure)
Confirm with . or Enter, or press ? or * to list all spells.
The spell is extremely dangerous to miscast (24% risk of failure)!
Continue anyway?
Aiming: Simulacrum (extremely dangerous; 24% risk of failure)
Press: ? - help, Shift-Dir - straight line, f/p - hellwing
Aim: a hellwing You feel a surge of power!
You freeze the hellwing's soul.
Unknown command.
Aiming: Paralyse
Press: ? - help, Shift-Dir - straight line, f - reaper, p - hellwing
Aim: a reaper, wielding a +4 vampiric scythe (lightly wounded, ally target, simulacrum, chance to affect: 1%)
Okay, then.
Aiming: Iceblast
Press: ? - help, Shift-Dir - straight line, p - hellwing Bojana avoids your attack.
The mass of ice explodes!
The iceblast engulfs the hellwing!
The hellwing is moderately wounded.
The iceblast engulfs the reaper.
The reaper partially resists.
The reaper is lightly wounded.
Bojana avoids your attack.
Bojana points at the reaper and mumbles some strange words.
The puff of frost hits the reaper.
The reaper resists.
The hellwing swoops through the air toward you!
The hellwing barely misses you. The hellwing completely misses you.
The reaper hits you from afar with a +4 vampiric scythe!!
Unknown command.
You barely miss the hellwing.
The hellwing is moderately wounded.
The hellwing hits you! The hellwing closely misses you.
The reaper hits you from afar with a +4 vampiric scythe!
* * * LOW HITPOINT WARNING * * *
Bojana barely misses the reaper.
You hit the hellwing.
The hellwing is poisoned.
The hellwing is moderately wounded.
You hit the hellwing but do no damage.
The hellwing is moderately wounded.
The reaper hits you from afar with a +4 vampiric scythe!
You die...

#####..........#.#..^..#.
#≈.....#########.########
#8#......#©........#≈≈≈§8≈≈
###..#############.########
#..#...#.#...#.#.##.#.###
#..#..#...#..#.#.#Z...#.Z
#..#.##..2##.#.#.#Z##.#.#
#..##..#R#..##.#.#.####.#
#...#..#....@....#.#©#©.####.
#.8.#####..#4#..##.###.####.#
.##.....©#.#######.#...##[....#
...8.####..#...#.4#...#.#..##.
#...#..#..((©[..2#...##.#Z#.©
#.8.#§.###########...########
.##...#≈.............≈.........
....8.#§§...........≈8≈........
.##...#≈.............≈.........


You could see the friendly Bojana the battlemage, a reaper (ally target,
simulacrum) and a hellwing (very poisoned, simulacrum).

Vanquished Creatures
  A centaur warrior (D:8)
  A manticore (D:8)
  A gargoyle (D:10)
  2 wyverns (D:7)
  2 yaks
  A water moccasin (D:6)
  2 orc warriors (Bailey)
  An ice beast (D:8)
  A black bear (D:5)
  4 wolves
  2 centaurs
  A phantom (D:5)
  A kobold brigand (D:7)
  A wight (D:7)
  A howler monkey (D:11)
  2 hounds
  A jelly (D:5)
  2 orc priests
  2 gnoll boudas
  2 iguanas
  An orc wizard (D:10)
  An adder (D:6)
  7 gnolls
  A white imp (D:6)
  3 dart slugs
  16 orcs
  6 ball pythons
  6 endoplasms
  2 giant cockroaches (D:1)
  4 goblins
  7 hobgoblins
  7 jackals
  A quokka (D:1)
  A bat (D:1)
  A frilled lizard (D:2)
  15 kobolds
  6 rats
116 creatures vanquished.

Vanquished Creatures (collateral kills)
  Gastronok (D:9)
  A catoblepas (D:8)
  Erica (D:8)
  A two-headed ogre (shapeshifter) (Gauntlet)
  Amaemon (D:8)
  Pikel (D:8)
  A necromancer (Gauntlet)
  Joseph (D:8)
  An orange demon (D:8)
  A rime drake (D:8)
  A troll (D:9)
  Sigmund (D:4)
  2 yaks (D:9)
  A wyvern (D:9)
  Grum (D:8)
  2 orc warriors
  A sky beast (D:6)
  2 ice beasts
  4 wolves
  A centaur (D:9)
  3 kobold brigands
  A phantom (D:6)
  3 lemures
  2 gnoll sergeants (D:9)
  11 wights
  10 killer bees
  4 howler monkeys
  A hound (D:6)
  2 orc priests
  A jelly (D:7)
  An iguana (D:6)
  2 sleepcaps
  4 orc wizards
  11 gnolls
  An adder (D:2)
  A shadow imp (D:6)
  2 white imps
  A dart slug (D:3)
  19 orcs
  A ball python (D:4)
  An endoplasm (D:4)
  2 giant cockroaches (D:4)
  A goblin (Bailey)
  4 hobgoblins
  18 kobolds
133 creatures vanquished.

Vanquished Creatures (others)
  A wolf zombie (D:8)
  A human zombie (D:8)
  4 killer bee zombies (D:9)
  A sky beast zombie (D:6)
  2 ice beast zombies (D:8)
  9 battlemagi
  A giant cockroach zombie (D:4)
  16 gnoll zombies
  A goblin zombie (Bailey)
  2 hobgoblin zombies (Bailey)
  A jackal zombie (D:4)
  10 kobold zombies
  23 orc zombies
  2 withered plants (Gauntlet)
74 creatures vanquished.

Grand Total: 323 creatures vanquished

Notes
Turn   | Place    | Note
-------+----------+-------------------------------------------
     0 | D:1      | 2tousent the Deep Elf Necromancer began the quest for the
                  | Orb.
     0 | D:1      | Reached XP level 1. HP: 10/10 MP: 6/6
   297 | D:1      | Reached skill level 5 in Necromancy
   333 | D:1      | Reached XP level 2. HP: 15/15 MP: 4/8
   975 | D:2      | Reached XP level 3. HP: 18/20 MP: 6/10
  1165 | D:2      | Found a faded altar of an unknown god.
  1213 | D:2      | Prayed at the altar of an unknown god.
  1213 | D:2      | Became a worshipper of Hepliaklqana the Forgotten
  1213 | D:2      | Reached * piety under Hepliaklqana
  1330 | D:2      | Found a broken altar of Ashenzari.
  1405 | D:2      | Reached skill level 1 in Fighting
  1919 | D:3      | Found a runed translucent gate.
  1919 | D:3      | Found a runed translucent gate.
  1919 | D:3      | Found a runed translucent gate.
  2068 | D:3      | Reached ** piety under Hepliaklqana
  2069 | D:3      | Remembered your ancestor Bojana as a battlemage
  2630 | D:3      | Noticed hackum's ghost (amateur MfHu)
  2772 | D:4      | Reached XP level 4. HP: 22/22 MP: 7/12
  2777 | D:4      | Learned a level 4 spell: Animate Dead
  3059 | D:4      | Found a sacrificial altar of Ru.
  3111 | D:4      | Reached XP level 5. HP: 7/27 MP: 0/13
  3113 | D:4      | Reached skill level 6 in Necromancy
  3374 | D:4      | Noticed Sigmund
  3386 | D:4      | Killed Sigmund
  3387 | D:4      | Reached skill level 5 in Spellcasting
  3387 | D:4      | Reached XP level 6. HP: 32/32 MP: 1/15
  3838 | D:5      | Entered Level 5 of the Dungeon
  3868 | D:5      | Found a sparkling altar of Nemelex Xobeh.
  3873 | D:5      | Reached skill level 7 in Necromancy
  3916 | D:5      | Found Riel's Lightly-Used Armoury.
  3991 | D:5      | Reached XP level 7. HP: 34/36 MP: 6/17
  4076 | D:5      | Found a staircase to the Ecumenical Temple.
  4300 | D:5      | Found a shadowy altar of Dithmenos.
  4601 | D:6      | Reached *** piety under Hepliaklqana
  4706 | D:6      | Reached skill level 8 in Necromancy
  4858 | D:6      | Reached skill level 5 in Dodging
  4861 | D:6      | Reached XP level 8. HP: 41/41 MP: 15/19
  5374 | D:6      | Reached skill level 9 in Necromancy
  5906 | D:6      | Found Telibryst's Hydra Hut.
  5909 | D:6      | Noticed a seven-headed hydra
  6072 | D:7      | Found a flagged portal.
  6137 | Bailey   | Entered a bailey
  6148 | Bailey   | Noticed an orc warlord
  6148 | Bailey   | Found the +7 Spriggan's Knife {stab, EV+4 Stlth+}
  6323 | Bailey   | Found a runed translucent gate.
  6326 | Bailey   | Found a runed translucent gate.
  6327 | Bailey   | Found a runed translucent gate.
  6359 | Bailey   | HP: 1/43 [orc warrior/+0 war axe (7)]
  6585 | D:7      | Reached skill level 10 in Necromancy
  6623 | D:7      | Reached **** piety under Hepliaklqana
  6712 | D:7      | Reached XP level 9. HP: 37/46 MP: 3/22
  7035 | D:7      | Found an iron altar of Okawaru.
  7035 | D:7      | Found a basalt altar of Yredelemnul.
  7381 | D:7      | Found a shimmering blue altar of Sif Muna.
  7384 | D:7      | Found a stormy altar of Qazlal.
  7385 | D:7      | Found a broken altar of Ashenzari.
  7385 | D:7      | Found a white marble altar of Elyvilon.
  7389 | D:7      | Found a hide-covered altar of Uskayaw.
  7654 | D:8      | Noticed Amaemon
  7654 | D:8      | Noticed Pikel
  7654 | D:8      | Found a transporter.
  7655 | D:8      | Paralysed by Pikel for 3 turns
  7655 | D:8      | Noticed an orange demon
  7686 | D:8      | Noticed Grum
  7699 | D:8      | Killed Grum
  7738 | D:8      | Noticed a catoblepas
  7766 | D:8      | Noticed Erica
  7772 | D:8      | Killed Erica
  7773 | D:8      | Reached skill level 5 in Fighting
  7773 | D:8      | Reached skill level 11 in Necromancy
  7945 | D:8      | Killed Pikel
  7946 | D:8      | Reached XP level 10. HP: 53/53 MP: 15/25
  8000 | D:8      | Found an opulent altar of Gozag.
  8040 | D:8      | Noticed zurenarrh's ghost (novice GnWn)
  8052 | D:8      | Killed a catoblepas
  8053 | D:8      | Reached skill level 12 in Necromancy
  8083 | D:8      | Noticed Joseph
  8093 | D:8      | Killed Joseph
  8108 | D:8      | Your ally Joseph died
  8204 | D:8      | Killed Amaemon
  8205 | D:8      | Reached skill level 10 in Spellcasting
  8210 | D:8      | Killed an orange demon
  8248 | D:8      | Reached skill level 13 in Necromancy
  8683 | D:8      | Found a transporter.
  8684 | D:8      | Found a staircase to the Lair.
  8786 | D:8      | Noticed a centaur warrior
  8787 | D:8      | Identified the +0 leather armour of the Journeyman {-Cast
                  | rPois rN+++ Dex-3}
  8788 | D:8      | Noticed a manticore
  8794 | D:8      | Killed a centaur warrior
  8805 | D:8      | Killed a manticore
  9020 | D:8      | Found an ancient bone altar of Kikubaaqudgha.
  9115 | D:8      | Reached XP level 11. HP: 27/58 MP: 6/27
  9327 | D:9      | Noticed Gastronok
  9339 | D:9      | Killed Gastronok
  9356 | D:9      | Reached skill level 14 in Necromancy
 10077 | D:10     | Entered Level 10 of the Dungeon
 10355 | D:10     | Found a runed translucent door.
 10362 | D:10     | Noticed a fire crab
 11015 | D:11     | Reached ***** piety under Hepliaklqana
 11016 | D:11     | Found a gate leading to a gauntlet.
 11029 | Gauntlet | Entered a Gauntlet
 11029 | Gauntlet | Found a transporter.
 11029 | Gauntlet | Found a transporter.
 11059 | Gauntlet | Noticed a necromancer
 11064 | Gauntlet | Found a transporter.
 11064 | Gauntlet | Found a transporter.
 11088 | Gauntlet | Found a transporter.
 11096 | Gauntlet | Found a transporter.
 11098 | Gauntlet | Found a transporter.
 11098 | Gauntlet | Found a transporter.
 11098 | Gauntlet | Noticed an orange crystal statue
 11099 | Gauntlet | Noticed a reaper
 11102 | Gauntlet | Found a transporter.
 11136 | Gauntlet | Found a transporter.
 11154 | Gauntlet | Found a transporter.
 11191 | Gauntlet | Found a transporter.
 11207 | Gauntlet | Found a transporter.
 11299 | Gauntlet | Found a transporter.
 11308 | Gauntlet | Found a transporter.
 11310 | Gauntlet | Noticed a wizard
 11324 | Gauntlet | Found a transporter.
 11449 | Gauntlet | Learned a level 6 spell: Simulacrum
 11454 | Gauntlet | Learned a level 3 spell: Dazzling Flash
 11494 | Gauntlet | Reached skill level 10 in Dodging
 11494 | Gauntlet | Killed a necromancer
 11495 | Gauntlet | Reached skill level 1 in Hexes
 11496 | Gauntlet | Reached skill level 1 in Ice Magic
 11505 | Gauntlet | Noticed a two-headed ogre
 11536 | Gauntlet | Killed a two-headed ogre
 11668 | Gauntlet | Slain by a reaper

Illustrated notes

Levels and vault maps discovered:
D:1:      wander_arrival_estate, layout_loops_cross, amethyst_killhole,
          hangedman_glass_teeth
D:2:      layout_loops_ring, dreamdust_ecumenical_altar_grove, basic_altar
D:3:      layout_loops_ring, gammafunk_ghost_icy, st_stairs_7, dk_noncrumbling_2
D:4:      layout_basic, nicolae_ru_sacrificial_ziggurat, uniq_sigmund
D:5:      layout_rooms, nicolae_dithmenos_through_a_glass_darkly,
          overflow_temple_1_default, minmay_temple_entry_trees,
          minmay_shop_damaged, hangedman_abyss_or_decor_stabs
D:6:      layout_layer_cave, doesnt_shop_hydraphobe
D:7:      layout_loops_ring, minitemple, gammafunk_temple_overflow_statue,
          enter_bailey_2, st_stairs_7, hangedman_abyss_or_decor_slice
D:8:      layout_cave_pools, mainiacjoe_overflow_alcove_2,
          grunt_gozag_breadcrumbs, hellmonk_lair_entry_icy,
          gammafunk_ghost_stat_death, minmay_small_thing, uniq_amaemon,
          uniq_joseph, uniq_grum, uniq_erica, uniq_pikel
D:9:      layout_small_grid, uniq_gastronok
D:10:     gammafunk_mikee_crab_dinner, layout_long_grid,
          minmay_misc_feat_four_crosses, minmay_misc_feat_encased
D:11:     layout_gridville, gauntlet_entry_generic, gammafunk_ghost_hydra_chop,
          portal_ice_cave_entry_imps
Gauntlet: gammafunk_gauntlet_branching [gammafunk_gauntlet_arena_split_diamond,
          gammafunk_gauntlet_arena_split_x, gammafunk_gauntlet_arena_teeth,
          gammafunk_gauntlet_arena_mazey, nicolae_gauntlet_arena_flowing_pool,
          nicolae_gauntlet_arena_x, gammafunk_gauntlet_arena_chambers,
          gammafunk_gauntlet_arena_hedges, gauntlet_exit_hidden_loot]

Skill      XL: |  1  2  3  4  5  6  7  8  9 10 11 |
---------------+----------------------------------+-----
Necromancy     | 5 6 7 8 10 11 13 14 | 14.6
Fighting       | 1 2 3 4 5 6 |  6.9
Spellcasting   | 4 5 6 7 9 10 11 | 11.4
Dodging        | 3 4 5 6 7 9 10 | 10.1
Hexes          | 1 |  1.7
Ice Magic      | 1 |  1.3
Stealth        | |  2.6

Action                     |  1- 3 |  4- 6 |  7- 9 | 10-12 || total
---------------------------+-------+-------+-------+-------++-------
  Melee: Unarmed           |     1 |       |       |       ||     1
         Dagger            |       |     1 |    70 |    61 ||   132
         Punch             |       |       |     2 |       ||     2
   Cast: Necrotise         |    72 |    57 |   120 |    95 ||   344
         Animate Dead      |       |     2 |    10 |    12 ||    24
         Simulacrum        |       |       |       |     4 ||     4
 Invoke: Ancestor Life: Ba |     1 |       |       |       ||     1
         Ancestor Identity |     1 |       |       |       ||     1
         Recall Ancestor   |       |     1 |     3 |     3 ||     7
  Evoke: Wand              |       |       |     1 |     7 ||     8
    Use: Potion            |       |     5 |     2 |     3 ||    10
         Scroll            |       |       |    13 |     7 ||    20
   Stab: Distracted        |       |       |     1 |       ||     1
         Sleeping          |       |       |       |     1 ||     1
 Armour: Robe              |     3 |     5 |    26 |    28 ||    62
  Dodge: Dodged            |    10 |    16 |   121 |   133 ||   280
  Block: Other             |     1 |       |       |       ||     1

Table legend: (Time is in decaauts)
 A = Elapsed time spent in this place.
 B = Non-inter-level travel time spent in this place.
 C = Inter-level travel time spent in this place.
 D = Time resting spent in this place.
 E = Time spent auto-exploring this place.
 F = Levels seen in this place.
 G = Mean time per level.
                   A        B        C        D        E       F      G
               +--------+--------+--------+--------+--------+-----+--------+
         Total |  11674 |  11169 |    505 |    346 |   8996 |  13 |  898.0 |
       Dungeon |  10602 |  10097 |    505 |    177 |   8447 |  11 |  963.8 |
        Bailey |    436 |    436 |      0 |     67 |    251 |   1 |  436.0 |
      Gauntlet |    635 |    635 |      0 |    102 |    298 |   1 |  635.0 |
               +--------+--------+--------+--------+--------+-----+--------+

Top non-repeatable levels by time:
     D:6: 1495 daAuts
     D:8: 1418 daAuts
     D:7: 1400 daAuts
     D:4: 1193 daAuts
     D:2: 933 daAuts
    D:10: 910 daAuts
     D:1: 884 daAuts
     D:3: 849 daAuts
     D:9: 838 daAuts
     D:5: 651 daAuts
Gauntlet: 635 daAuts
  Bailey: 436 daAuts
    D:11: 26 daAuts
